 Dungeon Crawl Stone Soup version 0.27-a0-1202-ge72e49191c (webtiles) character file.

Game seed: 509070742206557943

56 polve the Cutter (level 3, -2/29 HPs)
             Began as a Demonspawn Abyssal Knight on June 4, 2021.
             Was a Follower of Lugonu.
             Slain by a hobgoblin (5 damage)
             ... led by Robin
             ... on level 2 of the Dungeon.
             The game lasted 00:01:15 (1714 turns).

polve the Cutter (Demonspawn Abyssal Knight)        Turns: 1714, Time: 00:01:16

Health: -2/29      AC:  3    Str: 13    XL:     3   Next: 69%
Magic:  4/4        EV: 13    Int: 13    God:    Lugonu [*.....]
Gold:   74         SH:  0    Dex: 12    Spells: 2/2 levels left

rFire    . . .     SeeInvis .   h - +0 dagger (drain)
rCold    . . .     Faith    .   (no shield)
rNeg     . . .     Spirit   .   b - +0 leather armour
rPois    .         Reflect  .   (no helmet)
rElec    .         Harm     .   (no cloak)
rCorr    .         Rampage  .   (no gloves)
Will     .....                  (no boots)
Stlth    +.........             (no amulet)
HPRegen  0.09/turn              (no ring)
MPRegen  0.09/turn              (no ring)

@: no status effects
A: hooves 1, repulsion field 1
a: Renounce Religion, Depart the Abyss


You were on level 2 of the Dungeon.
You worshipped Lugonu.
Lugonu was aware of your devotion.
You visited 1 branch of the dungeon, and saw 2 of its levels.
You visited the Abyss 1 time.

You collected 74 gold pieces.

Inventory:

Hand Weapons
 a - a +1 short sword
 h - a +0 dagger of draining (weapon)
Armour
 b - a +0 leather armour (worn)
Jewellery
 g - an amulet of faith
Scrolls
 c - 2 scrolls of enchant weapon {unknown}
 d - 3 scrolls of teleportation {unknown}
 e - 3 scrolls of identify {unknown}
 f - a scroll of holy word {unknown}
Potions
 i - a potion of haste {unknown}


   Skills:
 - Level 3.0 Fighting
 + Level 3.7 Short Blades
 - Level 1.7 Armour
 - Level 0.8 Dodging
 - Level 2.4 Invocations


You had 2 spell levels left.
You didn't know any spells.
Your spell library was empty.

Dungeon Overview and Level Annotations

Branches:
Dungeon (2/15)

Altars:

Annotations:
D:2 Robin


Innate Abilities, Weirdness & Mutations

You have large cloven feet.
You are surrounded by a mild repulsion field. (EV +2)


Message History

* * * LOW HITPOINT WARNING * * *
You barely miss the endoplasm.
You kick the endoplasm, but do no damage.
The endoplasm is almost dead.
You barely miss the endoplasm.
You kick the endoplasm, but do no damage.
The endoplasm is almost dead.
The endoplasm freezes you.
You are frozen.
* * * LOW HITPOINT WARNING * * *
You hit the endoplasm.
You kill the endoplasm!
Lugonu accepts your kill.
You hit the hobgoblin. Your kick misses the hobgoblin.
The hobgoblin is heavily wounded.
The hobgoblin closely misses you.
You hit the hobgoblin but do no damage. You drain the hobgoblin.
Your kick misses the hobgoblin.
The hobgoblin is almost dead.
The hobgoblin misses you.
You hit the hobgoblin but do no damage. You drain the hobgoblin.
You kill the hobgoblin!
Lugonu accepts your kill.
Robin roars a battlecry!
The goblins go into a battle-frenzy!
You hit the goblin. You drain the goblin. Your kick misses the goblin.
The goblin is severely wounded.
The goblin hits you with a +0 club.
* * * LOW HITPOINT WARNING * * *
You closely miss the goblin.
The goblin is severely wounded.
The goblin hits you but does no damage.
You hit the goblin.
You kill the goblin!
Lugonu accepts your kill.
You swing at nothing.
You hit the hobgoblin.
The hobgoblin is heavily wounded.
The hobgoblin hits you.
You die...

.....+.........
##...#)........
#.............
#.............
##.........##..
............+..
###........##
...........#####+##+#
...............#@##.#
...............#g##.#
...............#g##.#
...............#g##.#
.......gg......#gg#.#
.....g...#.g.J.gg.#.#
.........#..........#
......g..#.......#..#######
....g.####................#


You could see Robin, 3 hobgoblins and 3 goblins.

Vanquished Creatures
  2 adders (D:2)
  A dart slug (D:2)
  An endoplasm (D:2)
  3 giant cockroaches
  4 goblins (D:2)
  2 hobgoblins (D:2)
  5 jackals
  6 kobolds
  2 quokkas (D:1)
  2 ball pythons
  A bat (D:2)
  3 frilled lizards (D:1)
  2 rats
34 creatures vanquished.

Vanquished Creatures (others)
  2 foxfires (Abyss:1)
2 creatures vanquished.

Grand Total: 36 creatures vanquished

Notes
Turn   | Place    | Note
-------+----------+-------------------------------------------
     0 | Abyss:1  | polve the Demonspawn Abyssal Knight began the quest for the
                  | Orb.
     0 | Abyss:1  | Reached XP level 1. HP: 18/18 MP: 2/2
     2 | Abyss:1  | Found an iron altar of Okawaru.
     7 | Abyss:1  | Found a corrupted altar of Lugonu.
    46 | Abyss:1  | Noticed a large abomination
    52 | Abyss:1  | Noticed a will-o-the-wisp
    62 | Abyss:1  | Noticed a quasit
    63 | Abyss:1  | Noticed a raiju
    65 | D:1      | Escaped the Abyss
   368 | D:1      | Gained mutation: You are surrounded by a mild repulsion
                  | field. (EV +2) [demonic ancestry]
   368 | D:1      | Reached XP level 2. HP: 22/24 MP: 3/3
   740 | D:1      | Reached * piety under Lugonu
  1119 | D:2      | Gained mutation: You have large cloven feet. [demonic
                  | ancestry]
  1119 | D:2      | Reached XP level 3. HP: 3/29 MP: 4/4
  1647 | D:2      | Noticed Robin
  1714 | D:2      | Slain by a hobgoblin

Illustrated notes

Levels and vault maps discovered:
D:1:      dpeg_arrival_solitude, layout_loops_ring, minmay_misc_feat_diagonals,
          minmay_cupped
D:2:      layout_basic, minmay_misc_feat_roman, hangedman_abyss_or_decor_stabs,
          uniq_robin

Skill      XL: |  1  2 |
---------------+-------+-----
Short Blades   | 2 3 |  3.7
Fighting       | |  3.0
Armour         | |  1.7
Dodging        | |  0.8
Invocations    | |  2.4

Action                   || total
-------------------------++-------
Melee: Short sword       ||    79
       Dagger            ||    30
       Kick              ||     8
Invok: Depart the Abyss  ||     1
Armor: Leather armour    ||    19
Dodge: Dodged            ||    72

Table legend: (Time is in decaauts)
 A = Elapsed time spent in this place.
 B = Non-inter-level travel time spent in this place.
 C = Inter-level travel time spent in this place.
 D = Time resting spent in this place.
 E = Time spent auto-exploring this place.
 F = Levels seen in this place.
 G = Mean time per level.
                   A        B        C        D        E       F      G
               +--------+--------+--------+--------+--------+-----+--------+
         Total |   1703 |   1682 |     21 |      0 |   1412 |   3 |  567.7 |
       Dungeon |   1638 |   1617 |     21 |      0 |   1367 |   2 |  819.0 |
         Abyss |     65 |     65 |      0 |      0 |     45 |   1 |   65.0 |
               +--------+--------+--------+--------+--------+-----+--------+

Top non-repeatable levels by time:
     D:1: 966 daAuts
     D:2: 672 daAuts
 Abyss:1: 65 daAuts
